 Dungeon Crawl Stone Soup version 0.25.0-9-g26727b657a (webtiles) character file.

Game seed: 1349832566438257072

91 kitty14015 the Ducker (level 4, -1/33 HPs)
             Began as a Demonspawn Gladiator on June 18, 2020.
             Killed from afar by an orc wizard (9 damage)
             ... with a puff of flame
             ... on level 2 of the Dungeon.
             The game lasted 00:07:14 (2368 turns).

kitty14015 the Ducker (Demonspawn Gladiator)        Turns: 2368, Time: 00:07:14

Health: -1/33      AC:  8    Str: 14    XL:     4   Next: 34%
Magic:  4/4        EV: 10    Int: 11    God:
Gold:   89         SH:  0    Dex: 14    Spells: 3/3 levels left

rFire    . . .     SeeInvis .   h - +0 spear
rCold    . . .     Gourm    .   (no shield)
rNeg     . . .     Faith    .   s - +0 scale mail
rPois    .         Spirit   .   c - +0 helmet
rElec    .         Reflect  .   (no cloak)
rCorr    .         Harm     .   r - +0 pair of gloves
MR       .....                  (no boots)
Stlth    ..........             (no amulet)
HPRegen  0.11/turn              (no ring)
MPRegen  0.09/turn              (no ring)

@: no status effects
A: powered by death 2
a: no special abilities


You were on level 2 of the Dungeon.
You were hungry.

You visited 1 branch of the dungeon, and saw 2 of its levels.

You collected 89 gold pieces.

Inventory:

Hand Weapons
 a - a +0 rapier
 h - a +0 spear (weapon)
Missiles
 d - 3 throwing nets
 m - 81 stones (quivered)
Armour
 b - a +0 leather armour
 c - a +0 helmet (worn)
 r - a +0 pair of gloves (worn)
 s - a +0 scale mail (worn)
Scrolls
 e - 4 scrolls of remove curse {unknown}
 g - a scroll of teleportation
 k - a scroll of identify
 n - a scroll of immolation {unknown}
 p - a scroll of enchant armour {unknown}
 q - a scroll of blinking {unknown}
Potions
 i - a potion of curing {unknown}
 l - a potion of brilliance {unknown}
 o - a potion of cancellation {unknown}
Comestibles
 f - 2 rations


   Skills:
 + Level 2.3 Fighting
 - Level 3.1 Short Blades
 + Level 2.2 Polearms
 + Level 1.9 Throwing
 - Level 0.1 Armour
 + Level 3.3 Dodging


You had 3 spell levels left.
You didn't know any spells.
Your spell library was empty.

Dungeon Overview and Level Annotations

Branches:
Dungeon (2/15)

Altars:

Annotations:
D:2 1 runed translucent door, Crazy Yiuf


Innate Abilities, Weirdness & Mutations

You regenerate health from kills.


Message History

You barely miss the orc wizard.
The orc wizard is severely wounded.
The orc wizard completely misses you.
You hit the orc wizard but do no damage.
The orc wizard is severely wounded.
The orc wizard hits you but does no damage.
You hit the orc wizard.
The orc wizard is severely wounded.
The orc wizard closely misses you.
You hit the orc wizard but do no damage.
The orc wizard is severely wounded.
You are feeling hungry.
The orc wizard gestures at you while chanting.
The puff of frost hits you!
* * * LOW HITPOINT WARNING * * *
You closely miss the orc wizard.
The orc wizard is severely wounded.
The orc wizard gestures at you while chanting.
The puff of flame hits you!
You die...

.....# #.......#......)....#.....
.....###...################..)...
.....+.....# #...... .....##.####
#.....# ##+#....#####♣♣ ###
#.....# ..............♣♣ ♣♣#..)#
#...... ...............♣♣♣♣.+...#
####### ........#.....oo♣..♣#...#
#.....# ...............♣@♣♣♣ ###
#.....# ...........##♣♣♣♣♣
#.....# ...........# #.....#
.........##################.....#
...##.........................###
...##.........##............#....
...##<................>.....#....
...##........[..............##...
.................#####...........


You could see an orc wizard and an orc.

Vanquished Creatures
  Terence (D:2)
  An adder (D:2)
  3 worms (D:2)
  3 dart slugs
  A leopard gecko (D:1)
  An orc (D:2)
  A ball python (D:1)
  5 bats
  A giant cockroach (D:1)
  7 goblins
  3 hobgoblins
  2 jackals (D:2)
  A quokka (D:2)
  3 frilled lizards
  2 kobolds (D:1)
  4 rats
39 creatures vanquished.

Notes
Turn   | Place    | Note
-------+----------+-------------------------------------------
     0 | D:1      | kitty14015 the Demonspawn Gladiator began the quest for the
                  | Orb.
     0 | D:1      | Reached XP level 1. HP: 16/16 MP: 1/1
   273 | D:1      | Gained mutation: You regenerate a little health from kills.
                  | [demonic ancestry]
   273 | D:1      | Reached XP level 2. HP: 13/22 MP: 2/2
  1310 | D:2      | Reached XP level 3. HP: 8/27 MP: 3/3
  1617 | D:2      | Reached skill level 1 in Polearms
  1729 | D:2      | Found a runed translucent door.
  1730 | D:2      | Noticed Crazy Yiuf
  1744 | D:2      | Noticed Terence
  1802 | D:2      | Killed Terence
  2024 | D:2      | Gained mutation: You regenerate health from kills. [demonic
                  | ancestry]
  2024 | D:2      | Reached XP level 4. HP: 24/33 MP: 4/4
  2368 | D:2      | Killed from afar by an orc wizard

Illustrated notes

Levels and vault maps discovered:
D:1:      psy_arrival_radial02, layout_basic
D:2:      layout_basic, nicolae_overflow_crystal_walls, first_ration,
          uniq_terence, uniq_crazy_yiuf_cottage

Skill      XL: |  1  2  3  4 |
---------------+-------------+-----
Short Blades   | 3 |  3.1
Dodging        | 3 |  3.3
Polearms       | 1 2 |  2.2
Fighting       | |  2.3
Throwing       | |  1.9
Armour         | |  0.1

Action                   |  1- 3 |  4- 6 || total
-------------------------+-------+-------++-------
Melee: Spear             |   147 |    73 ||   220
       Rapier            |     7 |       ||     7
Throw: Stone             |    10 |     7 ||    17
  Use: Scroll            |     2 |       ||     2
       Potion            |       |     1 ||     1
 Stab: Sleeping          |     1 |       ||     1
  Eat: Ration            |     1 |       ||     1
       Chunk             |       |     1 ||     1
Armor: Leather armour    |    36 |       ||    36
       Scale mail        |    16 |    22 ||    38
Dodge: Dodged            |   104 |    30 ||   134
